 Dungeon Crawl Stone Soup version 0.31.0-4-g52a2dc7128 (webtiles) character file.

Game seed: 12208694449829986398

159 Jase the Chopper (level 5, -8/45 HPs)
             Began as a Hill Orc Monk on Jan 22, 2024.
             Mangled by an ogre
             ... wielding a +0 giant spiked club
              (24 damage)
             ... on level 4 of the Dungeon.
             The game lasted 00:05:31 (3066 turns).

Jase the Chopper (Hill Orc Monk)                    Turns: 3066, Time: 00:05:32

Health: -8/45      AC: 12    Str: 16    XL:     5   Next: 40%
Magic:  5/5        EV: 10    Int: 10    God:
Gold:   171        SH:  0    Dex: 13    Spells: 4/4 levels left

rFire   . . .        a - +0 hand axe
rCold   . . .        d - orb {light}
rNeg    . . .        l - +0 plate armour
rPois   .            (no helmet)
rElec   .            u - +0 cloak
rCorr   .            (no gloves)
SInv    .            (no boots)
Will    .....        i - amulet of reflection Stlth
                     o - +5 ring of evasion
HPRegen 0.27/turn    m - ring of flight
MPRegen 0.09/turn

%: reflection
@: confused, ambrosia-drunk, flying, glowing
A: no striking features
a: no special abilities


You were on level 4 of the Dungeon.
You visited 1 branch of the dungeon, and saw 4 of its levels.

You collected 171 gold pieces.

Inventory:

Hand Weapons
 a - a +0 hand axe (weapon)
Missiles
 b - 6 poisoned darts (quivered)
 f - 33 stones
Armour
 d - an orb of light (worn)
 l - a +0 plate armour (worn)
 u - a +0 cloak (worn)
Jewellery
 i - an amulet of reflection (around neck)
 j - a ring of resist corrosion
 m - a ring of flight (right hand)
 o - a +5 ring of evasion (left hand)
Scrolls
 e - a scroll of teleportation {unknown}
 k - 2 scrolls of amnesia {unknown}
 q - a scroll of fog {unknown}
 s - 2 scrolls of identify {unknown}
 t - 3 scrolls of poison {unknown}
Potions
 g - a potion of brilliance {unknown}
 h - 2 potions of heal wounds {unknown}
 n - a potion of curing {unknown}
 p - 4 potions of haste {unknown}
 r - 2 potions of degeneration {unknown}


   Skills:
 - Level 3.6 Fighting
 + Level 6.7 Axes
 + Level 3.1 Armour
 - Level 2.4 Dodging


You had 4 spell levels left.
You didn't know any spells.
Your spell library was empty.

Dungeon Overview and Level Annotations

Branches:
Dungeon (4/15)
 Temple: D:4-7

Altars:
Cheibriados
Yredelemnul

Annotations:
D:3 exclusion: door


Message History

The howler monkey closely misses you.
You barely miss the howler monkey.
The howler monkey is moderately wounded.
The howler monkey hits you but does no damage.
You closely miss the howler monkey.
The howler monkey is moderately wounded.
You hit the endoplasm. The endoplasm freezes you.
You are frozen.
The howler monkey hoots and howls with incredible vigour!
You hear a shout! x2
You slash the howler monkey!
The howler monkey is heavily wounded.
You hit the endoplasm.
You kill the endoplasm!
An ogre comes into view. It is wielding a +0 giant spiked club.
The howler monkey completely misses you.
You closely miss the howler monkey.
The howler monkey is heavily wounded.
The howler monkey hits you.
The howler monkey hoots and howls with incredible vigour!
You hit the howler monkey.
The howler monkey is severely wounded.
You hit the ogre.
The ogre hits you with a +0 giant spiked club.
The howler monkey barely misses you.
You hit the howler monkey but do no damage.
The howler monkey is severely wounded.
You hit the ogre.
The ogre hits you with a +0 giant spiked club!!
* * * LOW HITPOINT WARNING * * *
The howler monkey hits you but does no damage.
Unknown command.
You are confused.
You feel invigorated.
The howler monkey hits you but does no damage.
The ogre attacks as it pursues you!
The ogre hits you with a +0 giant spiked club!!
Ouch! That really hurt!
You die...

#.........#
#..###.##.#
#..###.##.#
#......##>#
#.#..####.#
#....# #.#
#.##.# #.#
#####.##.# #.#
#...#@##.# #.#
#.O....#
#....h.........
#.##.##.#######
#. #.# . ..# ##
#.# #.# .#


You could see an ogre and a howler monkey.

Vanquished Creatures
  2 orc wizards (D:3)
  2 adders (D:3)
  2 ribbon worms (D:3)
  A dart slug (D:3)
  7 orcs
  9 endoplasms
  2 giant cockroaches (D:2)
  7 goblins
  7 hobgoblins
  4 jackals (D:3)
  5 kobolds
  A quokka (D:3)
  4 ball pythons
  9 bats
  3 frilled lizards
  9 rats
74 creatures vanquished.

Notes
Turn   | Place    | Note
-------+----------+-------------------------------------------
     0 | D:1      | Jase the Hill Orc Monk began the quest for the Orb.
     0 | D:1      | Reached XP level 1. HP: 19/19 MP: 1/1
   281 | D:1      | Reached XP level 2. HP: 26/26 MP: 2/2
   334 | D:1      | Reached skill level 5 in Axes
  1294 | D:2      | Reached XP level 3. HP: 31/31 MP: 3/3
  1731 | D:2      | Reached skill level 1 in Armour
  2164 | D:3      | Reached XP level 4. HP: 22/39 MP: 4/4
  2177 | D:3      | Reached skill level 6 in Axes
  2269 | D:3      | Found a basalt altar of Yredelemnul.
  2269 | D:3      | Noticed a weeping skull
  2502 | D:3      | Found a snail-covered altar of Cheibriados.
  2757 | D:3      | Reached XP level 5. HP: 38/45 MP: 5/5
  3061 | D:4      | Noticed an ogre
  3066 | D:4      | Mangled by an ogre

Illustrated notes

Levels and vault maps discovered:
D:1:      dpeg_arrival_erosion, layout_basic, serial_bayou, serial_bayou_ford_a,
          serial_bayou_pond_b, serial_bayou_pond_d, serial_bayou_lagoon_a,
          chequers_big_river
D:2:      layout_basic, nicolae_figureground_sparkle
D:3:      minmay_razor_zed, layout_loops_ring, slow_altar_1,
          yredelemnul_forgotten_temple_becter, grunt_ministairs_15
D:4:      layout_loops_ring, kennysheep_mini

Skill      XL: |  1  2  3  4  5 |
---------------+----------------+-----
Axes           | 5 6 |  6.7
Armour         | 1 2 3 |  3.1
Fighting       | |  3.6
Dodging        | |  2.4

Action                     |  1- 3 |  4- 6 || total
---------------------------+-------+-------++-------
  Melee: Hand axe          |   111 |   108 ||   219
    Use: Potion            |       |     1 ||     1
 Armour: Leather armour    |    20 |       ||    20
         Plate armour      |    41 |    66 ||   107
  Dodge: Dodged            |    52 |    43 ||    95
